 Dungeon Crawl Stone Soup version 0.26.0-10-g1f06aea511 (webtiles) character file.

Game seed: 2703624811815863691

226 dracos369 the Archer (level 5, -2/29 HPs)
             Began as a Deep Elf Hunter on Jan 21, 2021.
             Slain by an orc
             ... wielding a +0 mace
              (5 damage)
             ... on level 4 of the Dungeon.
             The game lasted 00:05:58 (2722 turns).

dracos369 the Archer (Deep Elf Hunter)              Turns: 2722, Time: 00:05:59

Health: -2/29      AC:  5    Str: 10    XL:     5   Next: 69%
Magic:  0/7        EV: 12    Int: 16    God:
Gold:   131        SH:  0    Dex: 15    Spells: 4/4 levels left

rFire    . . .     SeeInvis .   b - +2 mace (drain)
rCold    . . .     Faith    .   (no shield)
rNeg     . . .     Spirit   +   c - +0 leather armour
rPois    .         Reflect  .   k - +1 helmet
rElec    .         Harm     .   (no cloak)
rCorr    .         Rampage  .   (no gloves)
Will     .....                  (no boots)
Stlth    ++........             p - amulet of guardian spirit
HPRegen  0.09/turn              (no ring)
MPRegen  0.10/turn              (no ring)

@: no status effects
A: no striking features
a: no special abilities


You were on level 4 of the Dungeon.
You visited 1 branch of the dungeon, and saw 4 of its levels.

You collected 131 gold pieces.

Inventory:

Hand Weapons
 a - a +1 shortbow
 b - a +2 mace of draining (weapon)
 g - a +0 short sword
Missiles
 d - 2 arrows
Armour
 c - a +0 leather armour (worn)
 k - a +1 helmet (worn)
Jewellery
 p - an amulet of guardian spirit (around neck)
 u - an uncursed ring of fire
Scrolls
 f - a scroll of immolation
 j - a scroll of teleportation
 m - a scroll of remove curse
 r - a scroll of noise
 t - a scroll of identify {unknown}
 v - a scroll of random uselessness {unknown}
 w - a scroll of blinking {unknown}
Potions
 h - a potion of mutation {unknown}
 i - a potion of curing
 l - a potion of magic {unknown}
 o - a potion of heal wounds {unknown}
 q - a potion of brilliance {unknown}
 s - a potion of attraction {unknown}


   Skills:
 - Level 1.5 Fighting
 + Level 9.2 Bows
 - Level 2.4 Dodging
 - Level 1.2 Stealth


You had 4 spell levels left.
You didn't know any spells.
Your spell library was empty.

Dungeon Overview and Level Annotations

Branches:
Dungeon (4/15)
 Temple: D:4-7

Altars:
Sif Muna
Wu Jian


Message History

The hound is severely wounded.
The hound bites you but does no damage. The orc barely misses you.
The hound closely misses you.
You closely miss the hound.
The hound is severely wounded.
The hound bites you. The orc hits you with a +0 mace.
* * * LOW HITPOINT WARNING * * *
The hound bites you.
* * * LOW HITPOINT WARNING * * *
Unknown command.
You hit the hound.
The hound is almost dead.
The hound barely misses you. The orc barely misses you.
The hound bites you but does no damage.
You hit the hound.
You kill the hound!
The orc hits you but does no damage.
You closely miss the orc. The orc misses you. The orc barely misses you.
You barely miss the orc. The orc hits you with a +0 mace.
You die...

. #..# .#
>o.###..#######.
......(........#
...###......##.#≈# ..
...o...((......#≈##...
....##..((.....#≈≈#...
...
....##.(.().....≈≈...
...
....###...))...≈≈≈.##
........#
#....o@..≈≈..≈##
........#
#.........≈≈≈≈.#
.....(.##
#.....##..≈≈..≈#
§..§(...#
#.........≈≈≈...
.§§§....#
#######.≈≈≈≈.≈.#
.§§§....# #...≈≈≈.≈#
§§§§....# #...≈≈.≈≈#
§§§§....# #..≈≈.≈..#
§§§§...## #...≈≈..≈#


You could see an orc.

Vanquished Creatures
  A hound (D:4)
  An orc priest (D:4)
  An iguana (D:4)
  2 orc wizards
  Robin (D:2)
  A worm (D:3)
  2 dart slugs
  4 leopard geckos
  6 orcs
  2 giant cockroaches
  13 goblins
  3 hobgoblins
  4 jackals (D:3)
  2 quokkas (D:4)
  7 bats
  4 frilled lizards
  4 kobolds
  4 rats
62 creatures vanquished.

Notes
Turn   | Place    | Note
-------+----------+-------------------------------------------
     0 | D:1      | dracos369 the Deep Elf Hunter began the quest for the Orb.
     0 | D:1      | Reached XP level 1. HP: 12/12 MP: 3/3
   341 | D:1      | Reached skill level 6 in Bows
   341 | D:1      | Reached XP level 2. HP: 16/16 MP: 4/4
   998 | D:2      | Noticed Robin
  1009 | D:2      | Killed Robin
  1010 | D:2      | Reached XP level 3. HP: 14/20 MP: 5/5
  1382 | D:2      | Found a shimmering blue altar of Sif Muna.
  1660 | D:2      | Reached skill level 7 in Bows
  2071 | D:3      | Reached XP level 4. HP: 22/25 MP: 4/6
  2223 | D:3      | Found an ornate altar of the Wu Jian Council.
  2316 | D:3      | Reached skill level 8 in Bows
  2683 | D:4      | Reached XP level 5. HP: 24/29 MP: 5/7
  2710 | D:4      | Reached skill level 9 in Bows
  2722 | D:4      | Slain by an orc

Illustrated notes

Levels and vault maps discovered:
D:1:      sevenhm_arrival_forest_fort_small_5, layout_basic, serial_forest,
          infiniplex_forest_corner_2, infiniplex_forest_end_2,
          infiniplex_forest_lined_corner, infiniplex_forest_lined_2,
          infiniplex_forest_clump_diagonal, infiniplex_forest_clump_double,
          infiniplex_forest_straight_4, infiniplex_forest_straight_3,
          infiniplex_forest_lined_room_2, infiniplex_forest_clump_long
D:2:      layout_basic, lemuel_doored_altar, uniq_robin
D:3:      layout_rooms, overflow_temple_1_default, minivault_14
D:4:      layout_rooms, lightli_temple_of_fire, overflow_temple_1_default,
          minmay_temple_entry_drinking_statues, serial_shops, shop,
          portal_sewer_entry_b, chequers_serial_rivers_small_3,
          chequers_serial_rivers_micro_e, lemuel_tele_altar

Skill      XL: |  1  2  3  4  5 |
---------------+----------------+-----
Bows           | 6 7 8 9 |  9.2
Fighting       | |  1.5
Dodging        | |  2.4
Stealth        | |  1.2

Action                   |  1- 3 |  4- 6 || total
-------------------------+-------+-------++-------
Melee: Short sword       |    40 |       ||    40
       Mace              |       |    14 ||    14
 Fire: Shortbow          |    91 |    70 ||   161
  Use: Potion            |     1 |     1 ||     2
       Scroll            |       |     6 ||     6
Armor: Leather armour    |    10 |    15 ||    25
       Skin              |    10 |       ||    10
Dodge: Dodged            |    33 |    35 ||    68
